Map: Deathaura LE

Players

Bunny - Winner!

  • Race: Terran Terran
  • Spawn Location: 11:00

DPGCure (Cure)

  • Race: Terran Terran
  • League: Master
  • Spawn Location: 5:00

Event: StayAtHomestory Cup #2

VOD

Have the link to the VOD?

Description

Time

  • Played on: June 12, 2020, 2:53 p.m.
  • Length: 6:10

All games in this series

Show
View Real Time Build Order
Export as new Build Order

Bunny Terran - Winner!

Build Orders: Gas First Reaper Expand 

Get SALT Encoding   

  12  0:00  SCV  
  13  0:12  SCV  
  14  0:17  Supply Depot  
  14  0:25  SCV  
  14  0:28  Refinery  
  15  0:38  SCV  
  16  0:44  Barracks  
  16  0:50  SCV  
  17  1:02  SCV  
  18  1:14  SCV  
  19  1:30  Orbital Command  
  19  1:31  Reaper  
  20  1:43  Command Center  
  20  1:56  Factory  
  20  1:58  SCV  
  21  2:06  Barracks Reactor  
  21  2:08  Supply Depot  
  21  2:11  SCV  
  22  2:20  Refinery  
  22  2:24  SCV  
  23  2:36  SCV  
  24  2:43  Starport  
  24  2:47  Hellion x2  
  24  2:48  SCV  
  29  2:58  Barracks Tech Lab  
  28  3:00  SCV  
  29  3:12  Hellion  
  31  3:20  SCV, Hellion, Medivac  
  31  3:22  Orbital Command  
  36  3:32  SCV  
  37  3:44  SCV  
  37  3:48  Cyclone, Marine x2  
  41  3:49  SCV  
  44  3:57  Starport Tech Lab, Supply Depot  
  44  3:58  SCV, Refinery  
  44  4:01  SCV  
  46  4:14  Supply Depot  
  46  4:18  SCV x2, Raven, Marine x2  
  51  4:29  Siege Tank  
  50  4:34  SCV x2  
  50  4:36  Marine x2  
  48  4:46  Command Center  
  48  4:47  SCV x2  
  48  4:48  Refinery  
  50  4:53  Bunker  
  50  5:02  SCV x2, Siege Tank  
  55  5:07  Supply Depot  
  55  5:13  Viking  
  57  5:14  Viking  
  57  5:19  SCV  
  61  5:21  SCV  
  61  5:34  Siege Tank  
  61  5:35  Marine  
  65  5:42  Supply Depot  
  65  5:47  SCV  
  70  5:58  SCV  
Show
View Real Time Build Order
Export as new Build Order

DPGCure Terran 

Build Orders:  

Get SALT Encoding   

  12  0:00  SCV  
  13  0:12  SCV  
  14  0:17  Supply Depot  
  14  0:24  SCV  
  14  0:27  Refinery  
  15  0:38  SCV  
  16  0:44  Barracks  
  16  0:50  SCV  
  16  0:53  Refinery  
  17  1:02  SCV  
  18  1:14  SCV  
  19  1:30  Orbital Command  
  19  1:31  Reaper  
  20  1:33  Factory  
  20  1:45  Supply Depot  
  20  1:56  SCV  
  21  2:03  Reaper  
  21  2:08  SCV  
  23  2:17  Hellion  
  23  2:20  SCV  
  26  2:32  SCV  
  26  2:34  Command Center  
  27  2:38  Reaper  
  27  2:39  Hellion  
  30  2:46  SCV  
  31  2:52  Supply Depot  
  31  2:59  Starport  
  31  3:01  Factory Tech Lab  
  31  3:10  SCV  
  31  3:16  Barracks Tech Lab  
  30  3:20  Siege Tank  
  30  3:22  SCV  
  34  3:33  Refinery  
  34  3:34  SCV  
  35  3:43  Marine, Banshee  
  35  3:45  Orbital Command  
  35  3:46  SCV  
  40  3:52  Cyclone  
  43  3:58  SCV  
  43  4:01  Marine  
  45  4:10  Supply Depot  
  45  4:11  SCV  
  45  4:12  SCV  
  47  4:20  Barracks Reactor  
  47  4:23  SCV  
  47  4:24  SCV  
  41  4:34  Raven  
  41  4:35  SCV, Siege Tank  
  41  4:36  SCV  
  46  4:41  Supply Depot  
  46  4:47  SCV  
  46  4:48  SCV  
  48  4:56  Marine x2  
  48  4:59  SCV  
  51  5:00  SCV  
  51  5:01  Supply Depot  
  51  5:04  Refinery  
  52  5:07  Siege Tank  
  52  5:11  SCV  
  52  5:12  SCV  
  57  5:23  SCV  
  57  5:24  SCV  
  57  5:28  Viking x2  
  63  5:29  Marine  
  64  5:38  SCV x2  
  69  5:49  Marine  
  70  5:51  SCV x2  
  70  5:53  Supply Depot  
Tags
 
Add a new tag
Caveats
  • Supply blocks, unpowered buildings, or Contaminate may cause inaccurate times.
  • Supply counts are checked every 10 seconds.